Unix NetHack Version 5.0.0-0 post-release - last build Jun 10 2026 00:39:30 (3ee93aec679c4c4259841fe613dc97188e26a321,branch:main).

Game began 2026-06-29 19:40:11, ended 2026-06-29 19:58:15.

Ch3Begorrah, chaotic male human Rogue

                        --------------------------------
                       #....))%))...).........%........|
                        |.--|-----..{.----------|-----.|
                        |.|..|   |.----       |..|...-.|
                        |.|..|   |.|          |{.|...|.|
                        |.|..|   |.+          -------|.|
                       #..|--- ---.-                 |.|
                        |.|    .  .                  |.|
                        |.|   .- --                  |.|
                        |)----.|                     |.|      ------------
                        |.@@..G|                     |.|      |..........|
                        |.-+----                     |.|      |..........|
                        |.|                          |.|   ###...........|
                        |.|                          |.|####  |..........|
                        |.-                          -.-#  ###-.<........|
                        |.                        .....|####  ------------
                        ---                      -------#

Ch3Begorrah the Cutpurse  St:16 Dx:18 Co:12 In:12 Wi:9 Ch:8  Chaotic
Dlvl:5  $:18 HP:0(39) Pw:21(21) AC:5  Xp:5 T:1759 

Latest messages:
 The watchman gets angry!
 "Halt!  You're under arrest!"
 An angry guard is approaching!
 The watchman throws a spear!
 You are hit by a spear!
 The watchman wields a spear!
 The watchman throws a knife!
 You are hit by a knife.
 The watchman thrusts her spear.
 The watchman hits!
 You hear a door open.
 The watchman throws a spear!
 You are hit by a spear!
 What do you want to drink? [dhiwQU or ?*] ?
 You feel better.
 The watch captain wields a long sword!
 You hit the watchman!
 The watchman thrusts her spear.
 The watchman hits!
 What do you want to use or apply? [efrsDHTV or ?*] T
 Your bag is empty.
 The watchman thrusts her spear.
 The watchman hits!
 What do you want to drink? [dhiwQ or ?*] ?
 You feel better.
 The watchman thrusts her spear.
 The watchman hits!
 In what direction? h
 The dagger hits the watchman!
 The watchman thrusts her spear.
 The watchman hits!
 What do you want to drink? [dhiQ or ?*] ?
 You feel better.
 The gnome lord shoots 2 crossbow bolts!
 The 1st crossbow bolt misses you.
 The 2nd crossbow bolt misses you.
 The watchman thrusts her spear.
 The watchman hits!
 In what direction? h
 You throw 2 daggers.
 The 1st dagger hits the watchman.
 The 2nd dagger hits the watchman!
 The gnome lord shoots 3 crossbow bolts!
 You are hit by the 1st crossbow bolt!
 The 2nd crossbow bolt misses you.
 You are hit by the 3rd crossbow bolt.
 The watchman thrusts her spear.
 The watchman hits!
 You die...
 Do you want your possessions identified? [ynq] (y) q

Inventory:
 Coins    ('$')
  $ - 18 gold pieces
 Weapons  (')')
  J - 21 +0 arrows
  M - 4 +0 crossbow bolts
  N - 6 +2 daggers
  b - a +0 dagger (weapon in right hand)
  g - 3 +0 daggers (at the ready)
 Armor    ('[')
  O - an uncursed +0 pair of iron shoes (being worn)
  P - an uncursed +0 dwarvish cloak (being worn)
  c - an uncursed +1 leather armor (being worn)
 Comestibles  ('%')
  t - 4 uncursed food rations
  z - an uncursed food ration
 Scrolls  ('?')
  S - an uncursed scroll of light
  q - an uncursed scroll of remove curse
  G - an uncursed scroll of scare monster
 Potions  ('!')
  h - an uncursed potion of healing
  i - an uncursed potion of monster detection
  Q - a blessed potion of restore ability
  d - an uncursed potion of sickness
 Wands    ('/')
  r - a wand of secret door detection (0:14)
 Tools    ('(')
  T - an empty cursed bag of holding
  f - an empty uncursed sack
  D - an empty uncursed sack
  H - an uncursed bugle
  e - an uncursed lock pick
  V - a blessed partly used wax candle (lit)
 Gems/Stones  ('*')
  R - 3 uncursed worthless pieces of orange glass
  s - an uncursed touchstone

Ch3Begorrah the Rogue's attributes:

Background:
 You were a Cutpurse, a level 5 male human Rogue.
 You were chaotic, nominally on a mission for Kos
 who was opposed by Issek (lawful) and Mog (neutral).
 You were right-handed.
 You were in the Gnomish Mines, on level 5.
 You entered the dungeon 1759 turns ago.
 There was a full moon in effect when your adventure ended.
 You had 211 experience points, 109 more were needed to attain level 6.

Basics:
 You had 0 out of 39 hit points.
 You had all 21 energy points (spell power).
 Your armor class was 5.
 Your wallet contained 18 zorkmids.
 Autopickup was on for '$!/(' plus thrown, with exceptions.

Final Characteristics:
 Your strength was 16 (limit:18/100).
 Your dexterity was 18 (limit:18).
 Your constitution was 12 (limit:18).
 Your intelligence was 12 (limit:18).
 Your wisdom was 9 (limit:18).
 Your charisma was 8 (limit:18).

Final Status:
 You weren't hungry.
 You were unencumbered.
 You were wielding a dagger.
 You had basic skill with dagger.

Final Attributes:
 You were devoutly aligned.
 Your items were somewhat protected from fire.
 Your items were somewhat protected from cold.
 You were stealthy.
 You were warded.
 You were lucky.
 You are dead.

Miscellaneous:
 You didn't encounter any bones levels.
 Total elapsed playing time was 18 minutes and 4 seconds.

Major events:
 Turn
    1: Ch3Begorrah the chaotic male human Rogue entered the dungeon
 1342: entered the Gnomish Mines
 1422: attained the rank of Cutpurse (level 3)
 1677: reached Mine Town
 1759: killed by a watchman

Spells:
 Name                 Level Category     Fail Retention
 cone of cold           4   attack       100%  76%-100%

Skills:
 Fighting Skills
   bare handed combat [Unskilled]
   two weapon combat  [Unskilled]
   riding             [Unskilled]
 Weapon Skills
   dagger             [Basic]
   knife              [Unskilled]
   short sword        [Basic]
   broadsword         [Unskilled]
   long sword         [Unskilled]
   two-handed sword   [Unskilled]
   saber              [Unskilled]
   club               [Unskilled]
   mace               [Unskilled]
   morning star       [Unskilled]
   flail              [Unskilled]
   hammer             [Unskilled]
   polearms           [Unskilled]
   spear              [Unskilled]
   crossbow           [Unskilled]
   dart               [Unskilled]
   shuriken           [Unskilled]
 Spellcasting Skills
   divination spells  [Unskilled]
   escape spells      [Unskilled]
   matter spells      [Unskilled]

Voluntary challenges:
 Character rerolling was not enabled.
 You followed a strict vegan diet.
 You were an atheist.
 You never genocided any monsters.
 You never polymorphed an object.
 You never changed form.
 You used no wishes.
Achievements:
 You entered a shop.
 You entered the Gnomish Mines.
 You attained the rank of Cutpurse.
 You entered Minetown.

 The Dungeons of Doom: levels 1 to 3
    Level 1:
       An altar to Kos, a fountain.
    Level 2:
       A general store.
       Stairs down to The Gnomish Mines.
    Level 3:
 The Gnomish Mines: levels 3 to 5
    Level 3:
    Level 4:
    Level 5: <- You were here.
       A fountain, a sink.
       Final resting place for
          you, killed by a watchman.


Vanquished creatures:
  a gnome ruler
  a gnome leader
  2 floating eyes
  2 dwarves
  a rothe
  a monkey
  2 orc zombies
 13 gnomes
  a gecko
  7 jackals
  2 goblins
  a sewer rat
  a grid bug
  3 lichens
  a kobold zombie
  4 newts
43 creatures vanquished.

No species were genocided or became extinct.

Game over:
                       ----------
                      /          \
                     /    REST    \
                    /      IN      \
                   /     PEACE      \
                  /                  \
                  |   Ch3Begorrah    |
                  |      18 Au       |
                  |   killed by a    |
                  |     watchman     |
                  |                  |
                  |                  |
                  |       2026       |
                 *|     *  *  *      | *
        _________)/\\_//(\/(/\)/\//\/|_)_______

Goodbye Ch3Begorrah the Rogue...

You died in The Gnomish Mines on dungeon level 5 with 1091 points,
and 18 pieces of gold, after 1759 moves.
You were level 5 with a maximum of 39 hit points when you died.

